 Dungeon Crawl Stone Soup version 0.28-a0-1213-g0243856f03 (webtiles) character file.

Game seed: 17032308046240860615

92 frimble the Slasher (level 4, -1/31 (33) HPs)
             Began as a Demonspawn Warper on Dec 22, 2021.
             Was an Initiate of Cheibriados.
             Slain by a quokka (2 damage)
             ... on level 3 of the Dungeon.
             The game lasted 00:01:54 (2464 turns).

frimble the Slasher (Demonspawn Warper)             Turns: 2464, Time: 00:01:54

HP:   -1/31 (33)    AC:  5    Str: 13    XL:     4   Next: 35%
MP:   7/7           EV: 12    Int: 17    God:    Cheibriados [......]
Gold: 76            SH:  4    Dex: 13    Spells: 5/7 levels left

rFire   . . .      SeeInvis .   a - +0 falchion
rCold   . . .      Faith    .   (no shield)
rNeg    . . .      Spirit   .   b - +0 leather armour
rPois   .          Reflect  .   (no helmet)
rElec   .          Harm     .   (no cloak)
rCorr   .          Rampage  .   (no gloves)
Will    .....                   (no boots)
Stlth   +.........              (no amulet)
HPRegen 0.10/turn               (no ring)
MPRegen 0.10/turn               (no ring)

@: on berserk cooldown, slowed, drained, very slow
A: slimy green scales 1, condensation shield
a: Renounce Religion


You were on level 3 of the Dungeon.
You worshipped Cheibriados.
Cheibriados was noncommittal.
You visited 1 branch of the dungeon, and saw 3 of its levels.

You collected 76 gold pieces.

Inventory:

Hand Weapons
 a - a +0 falchion (weapon)
Missiles
 d - 5 boomerangs of dispersal
 e - 2 javelins
 l - 10 poisoned darts (quivered)
Armour
 b - a +0 leather armour (worn)
 h - a +0 scale mail
Scrolls
 f - a scroll of torment {unknown}
 g - 3 scrolls of fog {unknown}
 i - a scroll of enchant armour {unknown}
 j - a scroll of silence {unknown}
 m - a scroll of summoning {unknown}


   Skills:
 - Level 2.0 Fighting
 + Level 3.5 Long Blades
 + Level 1.6 Throwing
 - Level 0.8 Armour
 - Level 2.4 Dodging
 - Level 2.0 Spellcasting
 - Level 2.6 Translocations


You had 5 spell levels left.
You knew the following spells:

 Your Spells              Type           Power      Damage    Failure   Level
a - Blink                 Tloc           20%        N/A       12%         2

Your spell library contained the following spells:

 Spells                   Type           Power      Damage    Failure   Level
 Gell's Gravitas          Tloc           10%        N/A       24%         3
 Lesser Beckoning         Tloc           10%        N/A       24%         3
 Teleport Other           Tloc           10%        N/A       24%         3
 Manifold Assault         Tloc           10%        N/A       92%         5


Dungeon Overview and Level Annotations

Branches:
Dungeon (3/15)

Altars:
Cheibriados


Innate Abilities, Weirdness & Mutations

You are partially covered in slimy green scales. (AC +2)
A meltable shield of frost defends you. (SH +4)


Message History

The orc hits you with a +0 long sword!
* * * LOW HITPOINT WARNING * * *
Okay, then.
Blink to where?
Press: ? - help, Dir - move target
As you read the scroll of blinking, it crumbles to dust.
You aren't carrying any items that you can evoke.
It was a potion of berserk rage.
A red film seems to cover your vision as you go berserk!
Cheibriados protects you from inadvertent hurry.
You feel mighty!
You are too berserk!
Unknown command.
You feel a strong urge to attack something.
You barely miss the orc.
The orc is severely wounded.
You block the orc's attack.
The quokka twitches its whiskers.
You hit the orc.
You kill the orc!
Cheibriados thoroughly appreciates the change of pace.
You barely miss the quokka. The quokka misses you.
The quokka barely misses you.
You hit the quokka.
The quokka is almost dead.
The quokka barely misses you.
You miss the quokka.
The quokka is almost dead.
The quokka bites you.
* * * LOW HITPOINT WARNING * * *
You completely miss the quokka.
The quokka is almost dead.
You are no longer berserk.
You are exhausted.
You feel yourself slow down. You block the quokka's attack.
The quokka completely misses you.
You barely miss the quokka.
The quokka is almost dead.
You block the quokka's attack. The quokka bites you.
You die...

# ##.# #..###..###o#..
#..........$#
.....≈#.#≈......
#.#..≈≈≈#)#≈≈≈....
#...≈≈≈≈#)#≈≈b≈...
...≈≈≈≈ #(#≈≈≈≈≈..
#).≈≈≈ #r#≈≈≈≈≈..
#.≈≈#####@#####≈≈.
#.#####.≈≈#.........#≈≈.
#.......≈###.#####.##
#.....<.≈#...# #
#.....#.≈##..#
.......#..#.#.#
...........####
...######..# ## ##..≈


You could see a quokka.

Vanquished Creatures
  An orc wizard (D:3)
  An adder (D:2)
  2 orcs (D:3)
  5 ball pythons
  8 endoplasms
  2 giant cockroaches (D:2)
  A goblin (D:3)
  6 hobgoblins
  4 quokkas
  6 bats
  5 frilled lizards
  6 kobolds (D:1)
  5 rats (D:1)
52 creatures vanquished.

Notes
Turn   | Place    | Note
-------+----------+-------------------------------------------
     0 | D:1      | frimble the Demonspawn Warper began the quest for the Orb.
     0 | D:1      | Reached XP level 1. HP: 16/16 MP: 3/3
    74 | D:1      | Reached skill level 2 in Long Blades
   500 | D:1      | Gained mutation: You are partially covered in slimy green
                  | scales. (AC +2) [demonic ancestry]
   500 | D:1      | Reached XP level 2. HP: 22/22 MP: 5/5
   844 | D:1      | Learned a level 2 spell: Blink
  1457 | D:2      | Gained mutation: A meltable shield of frost defends you.
                  | (SH +4) [demonic ancestry]
  1457 | D:2      | Reached XP level 3. HP: 17/27 MP: 6/6
  1629 | D:2      | Found a snail-covered altar of Cheibriados.
  1658 | D:2      | Became a worshipper of Cheibriados the Contemplative
  1686 | D:2      | Reached skill level 3 in Long Blades
  1794 | D:2      | Found a faded altar of an unknown god.
  1905 | D:2      | Reached skill level 1 in Throwing
  2448 | D:3      | Reached XP level 4. HP: 18/30 MP: 7/7
  2454 | D:3      | HP: 1/30 [orc (7)]
  2462 | D:3      | HP: 2/46 [quokka (2)]
  2464 | D:3      | Slain by a quokka

Illustrated notes

Levels and vault maps discovered:
D:1:      lightli_arrival_maybe_door_vault, layout_loops_ring
D:2:      layout_loops_ring, shapermc_ecumenical_altar_venn, basic_altar
D:3:      layout_rooms, minmay_misc_feat_plants, grunt_decor_junction

Skill      XL: |  1  2  3 |
---------------+----------+-----
Long Blades    | 2 3 |  3.5
Dodging        | 2 |  2.4
Throwing       | 1 |  1.6
Fighting       | |  2.0
Armour         | |  0.8
Spellcasting   | |  2.0
Translocations | |  2.6

Action                   |  1- 3 |  4- 6 || total
-------------------------+-------+-------++-------
Melee: Falchion          |   187 |    14 ||   201
Throw: Dart              |     5 |       ||     5
  Use: Scroll            |       |     1 ||     1
       Potion            |       |     1 ||     1
 Stab: Sleeping          |     1 |       ||     1
Armor: Leather armour    |    86 |       ||    86
Dodge: Dodged            |   129 |     6 ||   135
Block: Other             |    13 |     4 ||    17

Table legend: (Time is in decaauts)
 A = Elapsed time spent in this place.
 B = Non-inter-level travel time spent in this place.
 C = Inter-level travel time spent in this place.
 D = Time resting spent in this place.
 E = Time spent auto-exploring this place.
 F = Levels seen in this place.
 G = Mean time per level.
                   A        B        C        D        E       F      G
               +--------+--------+--------+--------+--------+-----+--------+
         Total |   2672 |   2547 |    125 |      0 |   2120 |   3 |  890.7 |
       Dungeon |   2672 |   2547 |    125 |      0 |   2120 |   3 |  890.7 |
               +--------+--------+--------+--------+--------+-----+--------+

Top non-repeatable levels by time:
     D:1: 1453 daAuts
     D:2: 1109 daAuts
     D:3: 109 daAuts
